 Dungeon Crawl Stone Soup version 0.21-a0-404-g291f19a (webtiles) character file.

319 IceWhale the Grave Robber (level 6, -5/41 HPs)
             Began as a Mummy Necromancer on Oct 27, 2017.
             Was a Follower of Nemelex Xobeh.
             Killed by a card of wild magic (16 damage)
             ... on level 4 of the Dungeon on Oct 28, 2017.
             The game lasted 00:34:48 (4016 turns).

IceWhale the Grave Robber (Mummy Necromancer)       Turns: 4016, Time: 00:34:49

Health: -5/41      AC:  3    Str: 11    XL:     6   Next: 21%
Magic:  2/14       EV: 12    Int: 15    God:    Nemelex Xobeh [*.....]
Gold:   143        SH:  0    Dex: 14    Spells: 3/16 levels left

rFire    . . .     SeeInvis .   u - staff of cold
rCold    + + .     Gourm    .   (no shield)
rNeg     + + +     Faith    .   s - +3 leather armour {rF+}
rPois    ∞         Spirit   .   (no helmet)
rElec    .         Reflect  .   (no cloak)
rCorr    .         Harm     .   v - +0 pair of gloves
MR       .....                  (no boots)
Stlth    ++........             (no amulet)
HPRegen  0.13/turn              (no ring)
MPRegen  0.14/turn              (no ring)

@: corroded
A: no food or potions, fire vulnerability, cold resistance 1, negative energy
resistance 3, torment resistance, unbreathing
a: Renounce Religion


You were on level 4 of the Dungeon.
You worshipped Nemelex Xobeh.
Nemelex Xobeh was aware of your devotion.
You were not hungry.

You visited 1 branch of the dungeon, and saw 4 of its levels.

You collected 143 gold pieces.

Inventory:

Hand Weapons
 d - a +2 hunting sling of flaming
 r - a +4 dagger
Missiles
 e - 102 stones (quivered)
Armour
 a - a +0 robe
 c - a +2 robe of fire resistance
 g - a +0 crystal plate armour
 h - a +0 robe
 p - a cursed +0 cloak
 s - a +3 leather armour of fire resistance (worn)
 v - a +0 pair of gloves (worn)
Magical Staves
 u - an uncursed staff of cold (weapon)
Jewellery
 l - an uncursed ring of poison resistance
Wands
 o - a wand of random effects (39/48)
 t - a wand of disintegration (10/24)
Scrolls
 i - 2 scrolls of teleportation
 j - 2 scrolls of immolation {unknown}
 k - a scroll of blinking {unknown}
 m - a scroll of random uselessness {unknown}
 n - a scroll of fog
 q - a scroll of enchant armour {unknown}
Books
 b - a book of Necromancy

   Spells                             Type                      Level
   a - Pain                           Necromancy                   1
   b - Animate Skeleton               Necromancy                   1
   c - Vampiric Draining              Necromancy                   3
   d - Regeneration                   Charms/Necromancy            3
   e - Animate Dead                   Necromancy                   4
   f - Control Undead                 Necromancy                   4
Miscellaneous
 f - an ornate deck of destruction {drawn: 8}


   Skills:
 - Level 0.1 Fighting
 + Level 1.0 Armour
 - Level 1.6 Dodging
 * Level 2.0 Stealth
 * Level 5.6 Spellcasting
 * Level 5.7 Necromancy
 * Level 0.3 Evocations


You had 3 spell levels left.
You knew the following spells:

 Your Spells              Type           Power        Failure   Level  Hunger
a - Pain                  Necr           ###.         1%          1    N/A
b - Animate Skeleton      Necr           N/A          1%          1    N/A
c - Vampiric Draining     Necr           ###.......   6%          3    N/A
d - Control Undead        Necr           ###.......   19%         4    N/A
e - Animate Dead          Necr           N/A          19%         4    N/A

Dungeon Overview and Level Annotations

Branches:
Dungeon (4/15)
 Temple: D:4-7

Altars:
Nemelex Xobeh
Okawaru


Innate Abilities, Weirdness & Mutations

You do not eat or drink.
Your flesh is vulnerable to fire.
You are immune to poison.
Your flesh is cold resistant. (rC+)
You are immune to negative energy. (rN+++)
You are immune to unholy pain and torment.
You can survive without breathing.


Message History

The adder bites you but does no damage.
The jelly seems to return to its normal shape.
The adder closely misses you.
You draw a card...
It is Vitriol.
You have drawn Vitriol.
Press: ? - help, Shift-Dir - straight line, f/p - jelly
Aim: a jelly (heavily wounded)
The glob of acid hits the jelly.
The jelly completely resists.
The jelly is heavily wounded.
The adder bites you but does no damage. The jelly closely misses you.
You draw a card...
It is Wild Magic.
The jelly is caught in an explosion of flying shrapnel!
The explosion engulfs the jelly.
The jelly dies!
Your Armour skill increases to level 1!
The explosion engulfs the adder.
The adder dies!
The explosion engulfs you!
You die...
Your body glows slightly and disappears.

..................
..................#.
. ...................
#.#.........#.##..##.
#.#.........#.# #.#
#..........##.# .#
#.............# .
#...........####
#...@...........
#....†........##
#>..Z...........
##...Z.†.#....##
##......#......
##.......##...
#.....### #.. #%%...#
.. #)[..).#.#


You could see a friendly orc skeleton and a friendly orc wizard skeleton.

Vanquished Creatures
  A scorpion (D:4)
  A hound (D:4)
  A worker ant (D:4)
  A gnoll (D:4)
  2 adders
  An ooze (D:1)
  An adder skeleton (D:4)
  3 dart slugs
  A leopard gecko (D:1)
  2 orcs
  2 ball pythons (D:2)
  7 bats
  3 giant cockroaches
  9 goblins
  5 hobgoblins
  10 jackals
  8 kobolds
  4 frilled lizards
  12 rats
74 creatures vanquished.

Vanquished Creatures (collateral kills)
  An iguana (D:3)
  Ijyb (D:3)
  A worker ant (D:3)
  An adder (D:3)
  A worm (D:2)
  An orc (D:3)
  3 giant cockroaches
  2 goblins (D:3)
  5 hobgoblins
  4 jackals
  A quokka (D:3)
  A frilled lizard (D:3)
  2 kobolds
  2 rats
26 creatures vanquished.

Vanquished Creatures (others)
  A jelly (D:4)
  An adder (D:4)
2 creatures vanquished.

Grand Total: 102 creatures vanquished

Notes
Turn   | Place    | Note
-------+----------+-------------------------------------------
     0 | D:1      | IceWhale the Mummy Necromancer began the quest for the Orb.
     0 | D:1      | Reached XP level 1. HP: 13/13 MP: 4/4
     2 | D:1      | Learned a level 1 spell: Animate Skeleton
   342 | D:1      | Reached XP level 2. HP: 14/19 MP: 1/5
  1083 | D:1      | Reached XP level 3. HP: 8/24 MP: 1/7
  1299 | D:1      | Learned a level 3 spell: Vampiric Draining
  2291 | D:2      | Reached skill level 5 in Necromancy
  2464 | D:2      | Reached XP level 4. HP: 30/30 MP: 6/9
  2548 | D:2      | Found a sparkling altar of Nemelex Xobeh.
  2556 | D:2      | Became a worshipper of Nemelex Xobeh the Trickster
  2624 | D:2      | Received a gift from Nemelex Xobeh
  3074 | D:3      | Found an iron altar of Okawaru.
  3420 | D:3      | Noticed Ijyb
  3423 | D:3      | Reached XP level 5. HP: 35/35 MP: 11/11
  3433 | D:3      | Killed Ijyb
  3621 | D:3      | Reached * piety under Nemelex Xobeh
  3792 | D:4      | Learned a level 4 spell: Control Undead
  3797 | D:4      | Learned a level 4 spell: Animate Dead
  3836 | D:4      | Reached skill level 5 in Spellcasting
  3982 | D:4      | Reached XP level 6. HP: 35/41 MP: 5/14
  4016 | D:4      | Reached skill level 1 in Armour
  4016 | D:4      | Killed by a card of wild magic

Vault maps used:
D:1:      dpeg_arrival_pits, grunt_decor_fettered
D:2:      nemelex_spade_bored_becter
D:3:      okawaru_altar_gauntlet_db, nrook_mini_backslash, wad_woods_river_04,
          kennysheep_generic_room_5, uniq_ijyb
D:4:      first_bread, minivault_26

Skill      XL: |  1  2  3  4  5  6 |
---------------+-------------------+-----
Spellcasting   | 3 4 5 |  5.6
Necromancy     | 5 |  5.7
Stealth        | 2 |  2.0
Armour         | 1 |  1.0
Fighting       | |  0.1
Dodging        | |  1.6
Evocations     | |  0.3

Action                   |  1- 3 |  4- 6 || total
-------------------------+-------+-------++-------
Melee: Unarmed           |   145 |    46 ||   191
       Dagger            |       |    20 ||    20
       Staff             |       |    23 ||    23
 Cast: Pain              |    63 |    49 ||   112
       Animate Skeleton  |    15 |    25 ||    40
       Vampiric Draining |     5 |     7 ||    12
Evoke: Deck              |       |     7 ||     7
  Use: Scroll            |       |     5 ||     5
Armor: Robe              |    49 |    20 ||    69
       Leather armour    |       |    24 ||    24
Dodge: Dodged            |   128 |    93 ||   221

Table legend:
 A = Spawn XP
 B = Non-spawn XP
 C = Spawn XP percentage of total XP
 D = Spawn monster count
 E = Non-spawn monster count
 F = Spawn count percentage of total count
 G = Total turns spent on level
                    A         B        C        D         E        F      G
               +---------+---------+-------+---------+---------+-------+---------
         Total |       0 |     456 |   0.0 |       0 |     102 |   0.0 |  4016
               +---------+---------+-------+---------+---------+-------+---------
           D:1 |       0 |      66 |   0.0 |       0 |      33 |   0.0 |  2030
           D:2 |       0 |      51 |   0.0 |       0 |      22 |   0.0 |   903
           D:3 |       0 |     135 |   0.0 |       0 |      36 |   0.0 |   837
           D:4 |       0 |     204 |   0.0 |       0 |      11 |   0.0 |   246
               +---------+---------+-------+---------+---------+-------+---------
